 Dungeon Crawl Stone Soup version 0.18.1-48-g4cf74bf (webtiles) character file.

77 CountDeLaPain the Conjurer (level 4, -2/33 HPs)
             Began as a Draconian Conjurer on Aug 20, 2016.
             Slain by a sky beast (6 damage)
             ... on level 4 of the Dungeon.
             The game lasted 00:09:51 (3271 turns).

CountDeLaPain the Conjurer (Draconian Conjurer)     Turns: 3271, Time: 00:09:52

Health: -2/33      AC:  5    Str: 11    XL:     4   Next: 14%
Magic:  0/8        EV: 12    Int: 16    God:
Gold:   187        SH:  0    Dex: 11    Spells: 2 memorised, 5 levels left

rFire  . . .     SeeInvis .     c - +1 flail
rCold  . . .     Gourm    .     (armour unavailable)
rNeg   . . .     Faith    .     (no shield)
rPois  .         Spirit   .     (helmet restricted)
rElec  .         Dismiss  .     (no cloak)
rCorr  .         Reflect  .     (no gloves)
SustAt .         Harm     .     (no boots)
MR     .....                    (no amulet)
Stlth  ++........               (no ring)
                                (no ring)

@: very slightly contaminated, hasted, very quick, not resistant to hostile
enchantments, unstealthy
A: unfitting armour, cold-blooded, AC +5
a: no special abilities


You were on level 4 of the Dungeon.
You were hungry.

You visited 1 branch of the dungeon, and saw 4 of its levels.

You collected 187 gold pieces.

Inventory:

Hand Weapons
 c - a +1 flail (weapon)
Armour
 e - a +1 buckler
Jewellery
 f - an uncursed ring of ice {unknown}
 m - an uncursed ring of poison resistance {unknown}
 s - a +3 ring of protection {unknown}
Scrolls
 g - a scroll of fog
 i - 2 scrolls of remove curse
 j - a scroll of recharging
 k - a scroll of noise {unknown}
 l - a scroll of identify {unknown}
 n - a scroll of magic mapping
 o - a scroll of teleportation {unknown}
 p - a scroll of immolation
 r - a scroll of enchant armour
 t - a scroll of fear {unknown}
Books
 a - a book of Conjurations

   Spells                             Type                      Level
   a - Magic Dart                     Conjuration                  1
   b - Searing Ray                    Conjuration                  2
   c - Dazzling Spray                 Conjuration/Hexes            3
   d - Fulminant Prism                Conjuration/Hexes            4
   e - Iskenderun's Mystic Blast      Conjuration                  4
   f - Iskenderun's Battlesphere      Conjuration/Charms           5
Comestibles
 b - 3 bread rations
 d - 2 beef jerkies
 h - 2 meat rations
 u - 4 chunks of flesh


   Skills:
 + Level 2.0 Dodging
 + Level 2.0 Stealth
 + Level 3.0 Spellcasting
 + Level 4.9 Conjurations


You had 5 spell levels left.
You knew the following spells:

 Your Spells              Type           Power        Failure   Level  Hunger
a - Magic Dart            Conj           ###.         2%          1    #......
b - Dazzling Spray        Conj/Hex       ##....       21%         3    ###....


Dungeon Overview and Level Annotations

Branches:
Dungeon (4/15)
 Temple: D:4-7

Altars:
Beogh


Innate Abilities, Weirdness & Mutations

Your plain brown scales are hard (AC +5).
Your body does not fit into most forms of armour.
You are cold-blooded and may be slowed by cold attacks.


Message History

The orc wizard casts a spell at you. The puff of flame misses you.
Casting: Dazzling Spray
Confirm with . or Enter, or press ? or * to list all spells.
Aiming: Magic Dart
Press: ? - help, Shift-Dir - straight line, f/p - sky beast
Aim: a sky beast (heavily wounded, inner flame)
The magic dart hits the sky beast.
The sky beast is heavily wounded.
Casting: Magic Dart
Confirm with . or Enter, or press ? or * to list all spells.
Aiming: Magic Dart
Press: ? - help, Shift-Dir - straight line, f/p - sky beast
Aim: a sky beast (heavily wounded, inner flame)
The magic dart hits the sky beast.
The sky beast is heavily wounded.
The sky beast hits you.
* * * LOW HITPOINT WARNING * * *
The sky beast shocks you.
You die...

*,,,,**.#..#.....##,,,,,,* **,*,
*,,,,**,######.###******,***,,,*
*,,,,,,,,* #≈# *,**,,***
*,,,,,,,,* #.# *,**,**
*,,,,,,,,* #.## *,,,,*
*,,,,,,,,###*#..# ******
*,,,,,,,##..o##.#
*,,,<,,,#$8$8.#Y#
********#_.oo.'@# #$8$8o### *
##.$.** * ###** *** **,, *,,,
*,,, *,** *,*


You could see a sky beast (inner flame), an orc priest (inner flame), 2 orc
wizards and an orc (inner flame).

Vanquished Creatures
  An ooze (D:2)
  An adder skeleton (D:4)
  A worm (D:3)
  A dart slug (D:3)
  A giant gecko (D:1)
  4 orcs (D:3)
  2 ball pythons
  3 giant cockroaches (D:3)
  6 hobgoblins
  5 jackals
  2 quokkas (D:3)
  4 bats
  7 giant newts
  8 goblins
  5 kobolds
  8 rats
59 creatures vanquished.

Notes
Turn   | Place    | Note
--------------------------------------------------------------
     0 | D:1      | CountDeLaPain the Draconian Conjurer began the quest for the Orb.
     0 | D:1      | Reached XP level 1. HP: 14/14 MP: 3/3
   242 | D:1      | Reached XP level 2. HP: 8/20 MP: 0/5
  1495 | D:2      | Reached XP level 3. HP: 26/26 MP: 4/6
  1538 | D:2      | Learned a level 3 spell: Dazzling Spray
  2780 | D:3      | Reached XP level 4. HP: 33/33 MP: 3/8
  3215 | D:4      | Noticed a sky beast
  3266 | D:4      | Found a roughly hewn altar of Beogh.
  3271 | D:4      | Slain by a sky beast

Skill      XL: |  1  2  3  4 |
---------------+-------------+-----
Dodging        | 2 |  2.0
Stealth        | 2 |  2.0
Spellcasting   | 3 |  3.0
Conjurations   | |  4.9

Action                   |  1- 3 |  4- 6 || total
-------------------------+-------+-------++-------
Melee: Unarmed           |    18 |       ||    18
       Tailslap          |     3 |       ||     3
       Flail             |     6 |       ||     6
 Cast: Magic Dart        |    99 |    24 ||   123
       Dazzling Spray    |       |     1 ||     1
  Use: Scroll            |     5 |     2 ||     7
       Potion            |       |     1 ||     1
  Eat: Chunk             |     7 |     1 ||     8
Armor: Skin              |     8 |     3 ||    11
Dodge: Dodged            |    32 |     4 ||    36
